[Event "54th Capablanca Memorial 2019"]
[Site "Havana"]
[Date "2019.05.03"]
[Round "1.1"]
[White "Albornoz Cabrera, Carlos Daniel"]
[Black "Sevian, Samuel"]
[Result "0-1"]
[ECO "D38"]
[WhiteElo "2566"]
[BlackElo "2666"]
[Annotator "RC"]
[PlyCount "89"]
[EventDate "2019.05.03"]
[EventType "tourn"]
[EventCountry "CUB"]
[SourceTitle "playchess.com"]
[Source "ChessBase"]
[SourceQuality "1"]
[TimeControl "40/5400+30:1800+30"]

1. Nf3 d5 2. d4 Nf6 3. c4 e6 4. Nc3 Bb4 5. Bg5 h6 6. Bxf6 Qxf6 7. Qa4+ Nc6 8. e3 O-O 9. Bd3 dxc4 10. Bxc4 Bd7 11. O-O Bxc3 12. bxc3 Qe7 13. Qd1 Rfd8 14. e4 e5 15. d5 Na5 16. Be2 b6 17. c4 Nb7 18. Qd3 c6 19. Nd2 Rac8 20. Nb3 Nd6 21. Rac1 cxd5 22. cxd5 Qg5 23. g3 f5 24. exf5 Bxf5 25. Qd2 Qf6 26. Rxc8 Bxc8 27. Re1 Bb7 28. Bf1 e4 29. Rd1 Nf7 30. Qd4 Bxd5 31. Qe3 Ne5 32. Bg2 Nf3+ 33. Kh1 Bb7 34. Rxd8+ Qxd8 35. Bxf3 exf3 36. Nd4 Qd5 37. h3 Qe4 38. Qb3+ Bd5 39. Qb2 Qe2 40. Qc1 Qxf2 41. Qc8+ Kh7 42. Qf5+ Kh8 43. Qf8+ Bg8 44. Nxf3 Qxg3 45. h4 0-1

[Event "54th Capablanca Memorial 2019"]
[Site "Havana"]
[Date "2019.05.05"]
[Round "3.1"]
[White "Gonzalez Vidal, Yuri"]
[Black "Anton Guijarro, David"]
[Result "1/2-1/2"]
[ECO "C47"]
[WhiteElo "2567"]
[BlackElo "2667"]
[Annotator "RC"]
[PlyCount "58"]
[EventDate "2019.05.03"]
[EventType "tourn"]
[EventCountry "CUB"]
[SourceTitle "playchess.com"]
[Source "ChessBase"]
[SourceQuality "1"]
[TimeControl "40/5400+30:1800+30"]

1. e4 e5 2. Nf3 Nc6 3. Nc3 Nf6 4. d4 exd4 5. Nxd4 Bb4 6. Nxc6 bxc6 7. Bd3 d5 8. exd5 O-O 9. O-O Bg4 10. Ne2 cxd5 11. h3 Bh5 12. c4 d4 13. Qc2 Bxe2 14. Qxe2 c5 15. Bg5 Re8 16. Qf3 h6 17. Bh4 Qd6 18. a3 Ba5 19. Bxf6 Qxf6 20. Qxf6 gxf6 21. Rfb1 Rab8 22. b4 cxb4 23. axb4 Rxb4 24. Rxa5 Rxb1+ 25. Bxb1 Re1+ 26. Kh2 Rxb1 27. Rxa7 Rc1 28. Rc7 d3 29. Rd7 Rxc4 1/2-1/2